 Dungeon Crawl Stone Soup version 0.30-a0-782-ge64f9170bb (webtiles) character file.

Game seed: 11888389466434309074

38 mopl the Magician (level 3, 0/24 HPs)
             Began as a Mummy Fire Elementalist on Mar 1, 2023.
             Slain by an adder (2 damage)
             ... on level 2 of the Dungeon.
             The game lasted 00:01:15 (788 turns).

mopl the Magician (Mummy Fire Elementalist)          Turns: 788, Time: 00:01:15

Health: 0/24       AC:  2    Str: 11    XL:     3   Next: 25%
Magic:  0/7        EV: 12    Int: 22    God:
Gold:   56         SH:  0    Dex: 12    Spells: 2/8 levels left

rFire   x . .      SeeInvis .    e - +0 dagger
rCold   + . .      Faith    +    (no shield)
rNeg    + + +      Spirit   .    a - +0 robe
rPois   ∞          Reflect  .    (no helmet)
rElec   .          Harm     .    (no cloak)
rCorr   .          Rampage  .    (no gloves)
Will    .....                    (no boots)
Stlth   ++                       (no amulet)
HPRegen 0.24/turn                g - +6 ring of intelligence
MPRegen 0.10/turn                (no ring)

@: no status effects
A: cold resistance 1, negative energy resistance 3, torment resistance 2, heat
vulnerability 1, in touch with death 1, no potions, faith
a: no special abilities


You were on level 2 of the Dungeon.
You visited 1 branch of the dungeon, and saw 2 of its levels.

You collected 56 gold pieces.

Inventory:

Hand Weapons
 e - a +0 dagger (weapon)
Armour
 a - a +0 robe (worn)
Jewellery
 g - a +6 ring of intelligence (left hand)
Scrolls
 b - a scroll of identify {unknown}
 c - 2 scrolls of teleportation {unknown}
 d - a scroll of poison {unknown}
 f - a scroll of vulnerability {unknown}


   Skills:
 - Level 1.5 Dodging
 - Level 1.5 Stealth
 + Level 3.1 Spellcasting
 * Level 1.7 Conjurations
 + Level 0.1 Translocations
 * Level 2.9 Fire Magic


You had 2 spell levels left.
You knew the following spells:

 Your Spells              Type           Power      Damage    Failure   Level
a - Foxfire               Conj/Fire      52%        2x1d6     4%          1
b - Scorch                Fire           32%        2d7       5%          2
f - Kindle Blastsparks    Fire/Tloc/Air  16%        2d11      24%         3

Your spell library contained the following spells:

 Spells                   Type           Power      Damage    Failure   Level
 Inner Flame              Hex/Fire       10%        N/A       21%         3
 Frozen Ramparts          Ice            6%         1d1       36%         3
 Flame Wave               Conj/Fire      13%        2d6       43%         4
 Summon Ice Beast         Ice/Summ       3%         N/A       77%         4
 Ice Form                 Ice/Tmut       Unusable   N/A       N/A         4

Dungeon Overview and Level Annotations

Branches:
Dungeon (2/15)

Altars:


Innate Abilities, Weirdness & Mutations

You are immune to poison.
Your flesh is cold resistant. (rC+)
You are immune to negative energy. (rN+++)
You are immune to unholy pain and torment.
You are vulnerable to heat. (rF-)
You are in touch with the powers of death.
You do not drink.
You have a special connection with the divine. (Faith)


Message History

The adder bites you.
You miss the adder.
The adder is severely wounded.
The adder is no longer more vulnerable to fire.
The adder bites you but does no damage. The adder bites you.
The adder closely misses you. The adder bites you.
The adder attacks as you move away! The adder bites you but does no damage.
The adder attacks as you move away! The adder bites you.
You are too injured to fight recklessly!
Casting: Scorch (safe; 5% risk of failure)
Confirm with . or Enter, or press ? or * to list all spells.
Flames lash the adder.
You kill the adder!
The adder closely misses you. x2
Unknown command.
You barely miss the adder.
The adder is severely wounded.
The adder misses you.
Your magical contamination has completely faded away.
You closely miss the adder.
The adder is severely wounded.
The adder bites you.
You barely miss the adder.
The adder is severely wounded.
The adder bites you.
* * * LOW HITPOINT WARNING * * *
The adder completely misses you.
You miss the adder.
The adder is severely wounded.
The adder bites you.
* * * LOW HITPOINT WARNING * * *
You barely miss the adder.
The adder is severely wounded.
The adder bites you.
* * * LOW HITPOINT WARNING * * *
Casting: Scorch (safe; 5% risk of failure)
Confirm with . or Enter, or press ? or * to list all spells.
You conjure some foxfire!
The adder bites you.
You die...

#..#######.###...#
#...##.........###
##...#.###.#####
#.#...# #.. #.#..##
##. #.#..# ## #.#..#
#v#.## #########@#.#
##...$..##S#.#
##........#.#.##
#...........#..#####
#..................#
#............#####..#
#............# #
#............#
##.............


You could see an adder (ally target).

Vanquished Creatures
  2 adders (D:2)
  A dart slug (D:2)
  4 endoplasms
  A giant cockroach (D:1)
  A goblin (D:1)
  3 kobolds (D:1)
  A quokka (D:1)
  A ball python (D:1)
  A bat (D:1)
  A frilled lizard (D:1)
  3 rats
19 creatures vanquished.

Vanquished Creatures (collateral kills)
  A foxfire (D:1)
1 creature vanquished.

Vanquished Creatures (others)
  15 foxfires (D:1)
  A fungus (D:1)
16 creatures vanquished.

Grand Total: 36 creatures vanquished

Notes
Turn   | Place    | Note
-------+----------+-------------------------------------------
     0 | D:1      | mopl the Mummy Fire Elementalist began the quest for the
                  | Orb.
     0 | D:1      | Reached XP level 1. HP: 13/13 MP: 4/4
   102 | D:1      | Reached skill level 1 in Conjurations
   180 | D:1      | Found a faded altar of an unknown god.
   237 | D:1      | Reached XP level 2. HP: 14/19 MP: 2/5
   251 | D:1      | Learned a level 2 spell: Scorch
   275 | D:1      | Reached skill level 3 in Spellcasting
   665 | D:2      | Gained mutation: You are in touch with the powers of death.
                  | [Mummy growth]
   665 | D:2      | Reached XP level 3. HP: 14/24 MP: 1/7
   727 | D:2      | Learned a level 3 spell: Kindle Blastsparks
   787 | D:2      | HP: 1/24 [adder (4)]
   788 | D:2      | Slain by an adder

Illustrated notes

Levels and vault maps discovered:
D:1:      dpeg_arrival_rhombi, layout_basic, shapermc_ecumenical_altar_acropolis
D:2:      layout_rooms, kennysheep_boxes

Skill      XL: |  1  2 |
---------------+-------+-----
Conjurations   | 1 |  1.7
Spellcasting   | 3 |  3.1
Dodging        | |  1.5
Stealth        | |  1.5
Translocations | |  0.1
Fire Magic     | |  2.9

Action                     || total
---------------------------++-------
  Melee: Dagger            ||    32
         Unarmed           ||     2
   Cast: Foxfire           ||    10
         Scorch            ||    10
 Armour: Robe              ||     4
  Dodge: Dodged            ||    28

Table legend: (Time is in decaauts)
 A = Elapsed time spent in this place.
 B = Non-inter-level travel time spent in this place.
 C = Inter-level travel time spent in this place.
 D = Time resting spent in this place.
 E = Time spent auto-exploring this place.
 F = Levels seen in this place.
 G = Mean time per level.
                   A        B        C        D        E       F      G
               +--------+--------+--------+--------+--------+-----+--------+
         Total |    787 |    765 |     22 |    144 |    464 |   2 |  393.5 |
       Dungeon |    787 |    765 |     22 |    144 |    464 |   2 |  393.5 |
               +--------+--------+--------+--------+--------+-----+--------+

Top non-repeatable levels by time:
     D:1: 582 daAuts
     D:2: 205 daAuts
